 Dungeon Crawl Stone Soup version 0.19.5 (webtiles) character file.

24994 Inarius the Blocker (level 12, 0/108 HPs)
             Began as a Minotaur Fighter on Apr 24, 2017.
             Was a High Priest of Makhleb.
             Engulfed by a fire crab (shapeshifter)'s flame (22 damage)
             ... on level 13 of the Dungeon.
             The game lasted 00:57:37 (14395 turns).

Inarius the Blocker (Minotaur Fighter)             Turns: 14395, Time: 00:57:38

Health: 0/108      AC: 14    Str: 23    XL:     12   Next: 85%
Magic:  17/17      EV:  9    Int:  5    God:    Makhleb [*****.]
Gold:   880        SH: 19    Dex: 19    Spells: 0 memorised, 11 levels left

rFire  . . .     SeeInvis +     a - +0 long sword
rCold  . . .     Gourm    .     v - +0 plate armour
rNeg   . . .     Faith    .     c - +1 shield
rPois  .         Spirit   .     (helmet restricted)
rElec  .         Reflect  +     O - +0 cloak
rCorr  .         Harm     .     (no gloves)
MR     .....                    (no boots)
Stlth  ..........               J - +4 amulet of reflection
                                B - +4 ring of dexterity
                                E - +3 ring of protection

@: no status effects
A: retaliatory headbutt, hooves 1, horns 2, see invisible, agile 1, blink,
deformed body, deterioration 1
a: Blink, Minor Destruction, Lesser Servant of Makhleb, Major Destruction,
Greater Servant of Makhleb, Renounce Religion


You were on level 13 of the Dungeon.
You worshipped Makhleb.
Makhleb was extremely pleased with you.
You were not hungry.

You visited 1 branch of the dungeon, and saw 13 of its levels.
You also visited: Ossuary.

You collected 880 gold pieces.

Inventory:

Hand Weapons
 a - a +0 long sword (weapon)
 y - a +1 spear of flaming
Armour
 c - a +1 shield (worn)
 s - a +1 scale mail of fire resistance
 v - a +0 plate armour (worn)
 O - a +0 cloak (worn)
Jewellery
 p - an uncursed ring of stealth
 B - a +4 ring of dexterity (right hand)
 E - a +3 ring of protection (left hand)
 I - the ring "Inatwa" {rC+ Dex+2}
   (You found it on level 6 of the Dungeon)

   [ring of protection from cold]

   It affects your dexterity (+2).
   It protects you from cold.
 J - a +4 amulet of reflection (around neck)
 L - a +2 ring of intelligence
 Q - an uncursed ring of protection from cold
Wands
 H - a wand of lightning (8/15)
 S - a wand of disintegration (16/24)
 T - a wand of flame (24/48)
Scrolls
 g - a scroll of torment {unknown}
 h - 7 scrolls of amnesia
 j - 3 scrolls of magic mapping
 q - 6 scrolls of noise
 w - 5 scrolls of teleportation
 x - 6 scrolls of remove curse
 z - 2 scrolls of summoning
 A - a scroll of fear {unknown}
 D - 2 scrolls of immolation
 F - a scroll of blinking {unknown}
 N - 5 scrolls of recharging
 U - a scroll of enchant weapon {unknown}
Potions
 d - 2 potions of might
 e - a potion of cancellation
 i - 5 potions of lignification
 k - 2 potions of curing
 l - a potion of heal wounds {unknown}
 o - 3 potions of ambrosia
 r - 2 potions of cure mutation
 u - 3 potions of flight
 C - 2 potions of brilliance
 G - 4 potions of berserk rage
 K - a potion of agility {unknown}
 P - 2 potions of resistance {unknown}
Miscellaneous
 R - a crystal ball of energy
Comestibles
 b - 2 chunks of flesh
 f - 11 bread rations
 m - 4 meat rations
 n - 3 beef jerkies
 M - 8 slices of pizza


   Skills:
 * Level 10.8 Fighting
 + Level 12.5 Long Blades
 + Level 0.2 Polearms
 * Level 10.8 Armour
 + Level 2.9 Dodging
 + Level 1.8 Stealth
 * Level 14.3 Shields
 + Level 8.1 Invocations


You had 11 spell levels left.
You didn't know any spells.

Dungeon Overview and Level Annotations

Branches:
Dungeon (13/15)            Temple (0/1) D:7            Lair (0/6) D:8
    Orc (0/2) D:12
 Vaults: D:13-14

Altars:
Fedhas
Gozag
Hepliaklqana
Kikubaaqudgha
Makhleb
Nemelex Xobeh
Okawaru
Trog
Vehumet
Xom


Innate Abilities, Weirdness & Mutations

You reflexively headbutt those who attack you in melee.
You have a pair of horns on your head.
You have large cloven feet.
You have supernaturally acute eyesight. (SInv)
You are agile. (Dex +2)
You can translocate small distances at will.
Armour fits poorly on your strangely shaped body.
Your body sometimes deteriorates upon taking damage.


Message History

The fire crab claws you but does no damage.
You hit the fire crab.
You kick the fire crab, but do no damage.
The fire crab is lightly wounded.
The fire crab bites you but does no damage.
You block the fire crab's attack.
You hit the fire crab but do no damage.
You kick the fire crab, but do no damage.
The fire crab is lightly wounded.
The efreet gestures at you.
The bolt of fire hits the fire crab.
The fire crab completely resists.
The bolt of fire hits you! The fire crab breathes flames at you.
The blast of flame engulfs you!
* * * LOW HITPOINT WARNING * * *
You are engulfed in roaring flames.
* * * LOW HITPOINT WARNING * * *
There is a stone staircase leading up, spattered with blood here.
You are engulfed in roaring flames.
You die...

#.........#...##...
#..................
#..................
#.....#.....#......#.
.#
#....###.(.###.......
..
##...#.§#§.#......#.#.#
#...§§R#t..(#....#...
####§t§#....#....#.#.#
#§@§#....#......#..
#..##...R##...#.#.#
#..#.....§§...#...#
#..#.....##§§§#.#.#
#..#.....#......#..
#..#.....#....#§###
#..#.....#....#§§§§
#..#.....#....###z#
#.....#.........


You could see a fire crab shaped shifter and an efreet.

Vanquished Creatures
  A hydra (D:13)
  A centaur warrior (D:12)
  Urug (D:10)
  Nergalle (D:9)
  2 unseen horrors
  Pikel (D:8)
  4 hill giants
  3 ugly things (D:12)
  A cyclops (D:13)
  2 deep elf magi
  Maurice (D:8)
  2 manticores
  An elephant (D:8)
  A gargoyle (D:11)
  Psyche (D:10)
  A kobold demonologist (D:12)
  2 two-headed ogres
  A hornet (D:11)
  Prince Ribbit (D:6)
  2 trolls (D:11)
  Grinder (D:6)
  4 hippogriffs
  Sigmund (D:2)
  A vampire (D:13)
  A human (D:7)
  12 yaks
  3 hogs (D:7)
  A basilisk (D:12)
  A steam dragon (D:9)
  A mottled dragon (D:11)
  Menkaure (D:6)
  A warg (D:12)
  Duvessa (D:5)
  A water moccasin (D:10)
  4 orc warriors
  A slave (D:8)
  4 ice beasts
  A sky beast (D:8)
  2 black bears
  6 phantoms
  8 ogres
  2 centaurs
  8 crocodiles
  2 big kobolds
  Blork the orc (D:6)
  12 bullfrogs
  2 scorpions
  Dowan (D:5)
  17 wights
  The ghost of miragecloak the Cudgeler, a weakling FoAK of Lugonu (D:5)
  11 killer bees (D:9)
  An electric eel (D:7)
  A vampire bat (D:3)
  6 howler monkeys
  7 crimson imps
  A bullfrog zombie (D:12)
  A quasit (D:10)
  A centaur zombie (D:10)
  3 bullfrog skeletons
  8 orc priests
  2 jellies
  10 orc wizards
  8 hounds
  2 centaur skeletons
  5 iguanas
  11 worker ants
  Natasha (thrice) (D:3)
  13 mummies (Ossuary)
  A worker ant zombie (D:9)
  A howler monkey zombie (D:9)
  3 gnolls (D:4)
  10 adders
  2 shadow imps
  An ooze (D:5)
  An adder skeleton (D:3)
  5 worms
  A dart slug (D:2)
  3 fire bats (D:3)
  6 leopard geckos
  39 orcs
  2 spectral bats (D:3)
  A ball python (D:3)
  22 bats
  3 bat skeletons (D:3)
  A bat zombie (D:3)
  4 giant cockroaches
  7 hobgoblins
  3 jackals
  6 quokkas
  A bat simulacrum (D:3)
  6 frilled lizards
  2 gnoll skeletons (Ossuary)
  8 goblins
  4 goblin skeletons (Ossuary)
  A jackal skeleton (D:4)
  14 kobolds
  A kobold skeleton (Ossuary)
  2 leopard gecko skeletons
  An orc skeleton (Ossuary)
  A quokka zombie (D:6)
  7 rats
  11 rat skeletons (Ossuary)
  A bush (D:12)
408 creatures vanquished.

Vanquished Creatures (collateral kills)
  A vampire mosquito (D:11)
1 creature vanquished.

Vanquished Creatures (others)
  A centaur warrior (D:12)
  4 centaurs
  A wyvern skeleton (D:13)
  A plant (D:12)
7 creatures vanquished.

Grand Total: 416 creatures vanquished

Notes
Turn   | Place    | Note
-------+----------+-------------------------------------------
     0 | D:1      | Inarius the Minotaur Fighter began the quest for the Orb.
     0 | D:1      | Reached XP level 1. HP: 19/19 MP: 0/0
   239 | D:1      | Reached XP level 2. HP: 27/27 MP: 1/1
   505 | D:1      | Reached skill level 4 in Shields
   744 | D:2      | Reached XP level 3. HP: 23/33 MP: 2/2
  1166 | D:2      | Noticed Sigmund
  1177 | D:2      | Killed Sigmund
  1177 | D:2      | Reached skill level 1 in Dodging
  1177 | D:2      | Reached skill level 5 in Shields
  1177 | D:2      | Reached XP level 4. HP: 9/41 MP: 3/3
  1177 | D:2      | Reached XP level 5. HP: 11/47 MP: 4/4
  1650 | D:3      | Noticed an ogre
  1666 | D:3      | Killed an ogre
  1666 | D:3      | Reached XP level 6. HP: 31/53 MP: 5/5
  2028 | D:3      | Noticed Natasha
  2034 | D:3      | Killed Natasha
  2034 | D:3      | Reached skill level 5 in Armour
  2481 | D:3      | Reached skill level 1 in Stealth
  2542 | D:3      | Noticed Natasha
  2564 | D:3      | Reached skill level 5 in Long Blades
  2567 | D:3      | Killed Natasha
  2619 | D:3      | Noticed Natasha
  2624 | D:3      | Killed Natasha
  2624 | D:3      | Reached XP level 7. HP: 55/60 MP: 6/6
  2784 | D:4      | Reached skill level 6 in Shields
  2788 | D:4      | Found a burning altar of Makhleb.
  2796 | D:4      | Became a worshipper of Makhleb the Destroyer
  2964 | D:4      | Reached skill level 5 in Fighting
  3167 | D:4      | Found a sparkling altar of Nemelex Xobeh.
  3568 | D:4      | Found a radiant altar of Vehumet.
  4012 | D:4      | Found a shimmering altar of Xom.
  4072 | D:5      | Entered Level 5 of the Dungeon
  4072 | D:5      | Noticed miragecloak's ghost (weakling FoAK)
  4166 | D:4      | Reached skill level 7 in Shields
  4238 | D:5      | Killed miragecloak's ghost
  4238 | D:5      | Reached XP level 8. HP: 45/68 MP: 7/7
  4321 | D:5      | Reached * piety under Makhleb
  4335 | D:5      | Found a sand-covered staircase.
  4341 | Ossuary  | Entered an ossuary
  4601 | Ossuary  | Reached ** piety under Makhleb
  5448 | D:5      | Noticed Duvessa
  5449 | D:5      | Noticed Dowan
  5475 | D:5      | Killed Dowan
  5478 | D:5      | Killed Duvessa
  5796 | D:5      | Reached skill level 8 in Shields
  5796 | D:5      | Reached XP level 9. HP: 78/78 MP: 8/8
  5921 | D:5      | Reached skill level 1 in Invocations
  5952 | D:5      | Reached skill level 9 in Shields
  5973 | D:6      | Got a pitted granite ring
  5976 | D:6      | Identified the ring "Inatwa" {rC+ Dex+2} (You found it on level 6 of the Dungeon)
  6011 | D:6      | Found an opulent altar of Gozag.
  6187 | D:6      | Noticed Blork the orc
  6197 | D:6      | Killed Blork the orc
  6330 | D:6      | Noticed Grinder
  6340 | D:6      | Killed Grinder
  6366 | D:6      | Reached *** piety under Makhleb
  6459 | D:6      | Noticed Prince Ribbit
  6476 | D:6      | Killed Prince Ribbit
  6476 | D:6      | Reached skill level 10 in Long Blades
  6610 | D:6      | Noticed Menkaure
  6614 | D:6      | Killed Menkaure
  6830 | D:7      | Reached XP level 10. HP: 85/86 MP: 11/11
  6846 | D:7      | Found an iron altar of Okawaru.
  7046 | D:7      | Found a staircase to the Ecumenical Temple.
  7244 | D:7      | Reached skill level 10 in Shields
  7795 | D:8      | Found an ancient bone altar of Kikubaaqudgha.
  7795 | D:8      | Found a blossoming altar of Fedhas.
  7795 | D:8      | Found a bloodstained altar of Trog.
  7795 | D:8      | Found a hazy altar of Hepliaklqana.
  7815 | D:8      | Noticed Maurice
  7824 | D:8      | Killed Maurice
  7922 | D:8      | Noticed an elephant
  7942 | D:8      | Killed an elephant
  7957 | D:8      | Found a staircase to the Lair.
  7981 | D:8      | Noticed Pikel
  8002 | D:8      | Killed Pikel
  8614 | D:9      | Reached skill level 5 in Invocations
  8647 | D:9      | Reached skill level 11 in Shields
  8871 | D:9      | Reached **** piety under Makhleb
  8993 | D:9      | Reached XP level 11. HP: 93/95 MP: 13/13
  9668 | D:10     | Entered Level 10 of the Dungeon
  9856 | D:10     | Noticed Psyche
  9888 | D:10     | Killed Psyche
  9965 | D:10     | Noticed Urug
  9987 | D:10     | Killed Urug
 10019 | D:10     | Killed an unseen horror
 10019 | D:10     | Reached ***** piety under Makhleb
 10427 | D:10     | Noticed Nergalle
 10583 | D:9      | Reached skill level 12 in Shields
 10620 | D:9      | Killed Nergalle
 11548 | D:11     | Noticed a hill giant
 11551 | D:11     | Noticed a hill giant
 11586 | D:10     | Killed a hill giant
 11819 | D:11     | Killed a hill giant
 11936 | D:11     | Noticed a hill giant
 11946 | D:11     | Killed a hill giant
 11946 | D:11     | Reached XP level 12. HP: 106/106 MP: 16/16
 12016 | D:11     | Reached skill level 10 in Armour
 12047 | D:11     | Reached skill level 13 in Shields
 12360 | D:12     | Reached skill level 10 in Fighting
 12444 | D:12     | Gained mutation: You have supernaturally acute eyesight. (SInv) [mutagenic meat]
 12445 | D:12     | Gained mutation: You have large cloven feet. [mutagenic meat]
 12446 | D:12     | Gained mutation: Your body sometimes deteriorates upon taking damage. [mutagenic meat]
 13185 | D:12     | Found a staircase to the Orcish Mines.
 13527 | D:13     | Noticed an eight-headed hydra
 13747 | D:12     | Noticed a centaur warrior
 13750 | D:12     | Killed a centaur warrior
 13974 | D:13     | Killed an eight-headed hydra
 13993 | D:13     | Reached skill level 14 in Shields
 14013 | D:13     | Noticed a centaur warrior
 14091 | D:12     | Killed a centaur warrior
 14099 | D:12     | Gained mutation: You are agile. (Dex +2) [mutagenic meat]
 14100 | D:12     | Gained mutation: You can translocate small distances at will. [mutagenic meat]
 14101 | D:12     | Gained mutation: Armour fits poorly on your strangely shaped body. [mutagenic meat]
 14395 | D:13     | Engulfed by a fire crab (shapeshifter)'s flame

Skill      XL: |  1  2  3  4  5  6  7  8  9 10 11 12 |
---------------+-------------------------------------+-----
Fighting       | 4 5 6 7 8 9 10 | 10.8
Shields        | 4 5 7 8 9 11 12 14 | 14.3
Armour         | 4 5 6 7 8 9 10 | 10.8
Long Blades    | 4 5 6 8 10 11 12 | 12.5
Dodging        | 1 2 |  2.9
Stealth        | 1 |  1.8
Invocations    | 3 5 6 8 |  8.1
Polearms       | |  0.2

Action                   |  1- 3 |  4- 6 |  7- 9 | 10-12 || total
-------------------------+-------+-------+-------+-------++-------
Melee: Long sword        |    91 |   117 |   421 |   926 ||  1555
       Headbutt          |    12 |    17 |   111 |   290 ||   430
       Kick              |       |       |       |   120 ||   120
       Spear             |       |       |       |     5 ||     5
Invok: Minor Destruction |       |       |    37 |   222 ||   259
       Lesser Servant of |       |       |       |     1 ||     1
  Use: Potion            |     1 |       |       |     9 ||    10
       Scroll            |       |     8 |     6 |     9 ||    23
 Stab: Distracted        |       |       |       |     1 ||     1
  Eat: Chunk             |     1 |     5 |    12 |    28 ||    46
       Pizza             |       |       |     1 |       ||     1
       Fruit             |       |       |       |     2 ||     2
       Beef jerky        |       |       |       |     1 ||     1
Armor: Scale mail        |    34 |    11 |       |       ||    45
       Plate armour      |       |    56 |   139 |   288 ||   483
Dodge: Dodged            |    27 |    35 |    57 |   133 ||   252
Block: Shield            |    52 |    87 |   233 |   756 ||  1128
       Reflection        |       |       |     1 |    40 ||    41
       Rpst.: Long sword |     4 |     7 |    17 |    30 ||    58
